 Dungeon Crawl Stone Soup version 0.31-a0-881-ge136f0c47a (webtiles) character file.

Game seed: 5825951590886860533

671 Spaninq the Shield-Bearer (level 7, -4/54 HPs)
             Began as a Demonspawn Shapeshifter on Oct 15, 2023.
             Killed from afar by Ijyb (15 damage)
             ... with a bolt of light
             ... on level 4 of the Dungeon.
             The game lasted 00:08:49 (2805 turns).

Spaninq the Shield-Bearer (Demonspawn Shapeshifter) Turns: 2805, Time: 00:08:50

Health: -4/54      AC:  8    Str: 17    XL:     7   Next: 32%
Magic:  7/7        EV:  7    Int: 11    God:
Gold:   189        SH: 17    Dex: 18    Spells: 6/6 levels left

rFire   . . .        a - +1 hand axe (heavy)
rCold   . . .        j - +2 buckler
rNeg    . . .        o - +0 chain mail
rPois   .            (helmet currently unavailable)
rElec   .            (cloak currently unavailable)
rCorr   .            (gloves currently unavailable)
SInv    .            (boots currently unavailable)
Will    .....        g - amulet of reflection Stlth
                     i - +6 ring of dexterity
HPRegen 0.29/turn    (no ring)
MPRegen 0.10/turn

%: reflection
@: beast-form
A: beast (slay +2), horns 1, large bone plates 1, powered by death 1, powered by
pain 1
a: Begin Untransformation


You were on level 4 of the Dungeon.
You were a hulking beast.
You visited 1 branch of the dungeon, and saw 4 of its levels.

You collected 189 gold pieces.

Inventory:

Hand Weapons
 a - a +1 heavy hand axe (weapon)
Armour
 j - a +2 buckler (worn)
 o - a +0 chain mail (worn)
Jewellery
 g - an amulet of reflection (around neck)
 i - a +6 ring of dexterity (left hand)
Talismans
 c - a beast talisman (active)
 d - a flux talisman
Wands
 r - a wand of flame (22)
Scrolls
 f - a scroll of enchant armour {unknown}
 h - 3 scrolls of identify {unknown}
 m - a scroll of teleportation {unknown}
Potions
 b - 2 potions of lignification
 e - a potion of heal wounds {unknown}
 k - a potion of mutation {unknown}
 l - 2 potions of might {unknown}
 n - a potion of enlightenment {unknown}
 p - a potion of haste {unknown}
 q - a potion of ambrosia {unknown}


   Skills:
 + Level 4.1 Fighting
 - Level 1.7 Dodging
 * Level 4.7 Shields
 - Level 2.6 Unarmed Combat
 * Level 4.4 Shapeshifting


You had 6 spell levels left.
You didn't know any spells.
Your spell library contained the following spells:

 Spells                   Type           Power      Damage    Failure   Level
 Freeze                   Ice            0%         1d3       99%         1
 Frozen Ramparts          Ice            0%         1d1       100%        3
 Hailstorm                Conj/Ice       0%         3d3       100%        3


Dungeon Overview and Level Annotations

Branches:
Dungeon (4/15)
 Temple: D:4-7

Altars:
Ashenzari
Uskayaw
Vehumet

Annotations:
D:4 Ijyb


Innate Abilities, Weirdness & Mutations

You are a hulking beast.
Your limbs bulge with bestial killing power. (Slay +2)
You have a pair of small horns on your head.
You are partially covered in large bone plates. (SH +4)
You regenerate a little health from kills.
You sometimes gain a little power by taking damage.


Message History

The endoplasm is heavily wounded.
You block the endoplasm's attack. The endoplasm freezes you.
You are frozen.
You slash the endoplasm!
You kill the endoplasm!
Okay, then.
Ijyb the Twisted Goblin comes into view.
She is wielding a +0 dagger and carrying a wand of light.
Ijyb shouts!
Found a dagger.
Ijyb screams, "Level is mine!
All mine!"
You block Ijyb's attack.
You closely miss Ijyb.
Ijyb zaps a wand.
The bolt of light hits you!
Ijyb zaps a wand.
The bolt of light hits you!!
You are confused.
* * * LOW HITPOINT WARNING * * *
You're too confused to move!
Ijyb hits you but does no damage.
You hit Ijyb. Your headbutt misses Ijyb.
Ijyb is lightly wounded.
You feel less confused. Ijyb hits you with a +0 dagger.
* * * LOW HITPOINT WARNING * * *
You block Ijyb's attack.
You barely miss Ijyb.
Ijyb is lightly wounded.
Ijyb screams, "Me very upset!"
You block Ijyb's attack. x2
You closely miss Ijyb. Your headbutt misses Ijyb.
Ijyb is lightly wounded.
You block Ijyb's attack. Ijyb hits you with a +0 dagger.
* * * LOW HITPOINT WARNING * * *
You completely miss Ijyb.
Ijyb is lightly wounded.
Ijyb zaps a wand.
The bolt of light hits you.
* * * LOW HITPOINT WARNING * * *
You block Ijyb's attack.
You hit Ijyb.
Ijyb is moderately wounded.
Ijyb zaps a wand.
The bolt of light hits you!
You die...

#......>............#.
#........###########..
#........# #..
####.....# ##. #.....#
#.. #.....# ##.
#.....# ##. #.....#
#.. #.h...# ###
#.g...# #.....#
#.....# #.....#
#....)# #.....'
#.....#.


You could see Ijyb.

Vanquished Creatures
  A black bear (D:4)
  An ogre (D:4)
  A phantom (D:4)
  2 scorpions (D:4)
  An orc priest (D:4)
  Natasha (thrice) (D:4)
  3 orc wizards
  4 adders
  A dart slug (D:4)
  15 orcs
  9 endoplasms
  2 giant cockroaches
  5 goblins
  2 hobgoblins
  9 jackals
  3 quokkas
  9 ball pythons
  4 bats
  A frilled lizard (D:2)
  6 kobolds
  5 rats
87 creatures vanquished.

Notes
Turn   | Place    | Note
-------+----------+-------------------------------------------
     0 | D:1      | Spaninq the Demonspawn Shapeshifter began the quest for the
                  | Orb.
     0 | D:1      | Reached XP level 1. HP: 15/15 MP: 1/1
    93 | D:1      | Found a faded altar of an unknown god.
   163 | D:1      | Gained mutation: You have a pair of small horns on your
                  | head. [demonic ancestry]
   163 | D:1      | Reached XP level 2. HP: 21/21 MP: 2/2
   562 | D:2      | Gained mutation: You are partially covered in large bone
                  | plates. (SH +4) [demonic ancestry]
   562 | D:2      | Reached XP level 3. HP: 26/27 MP: 3/3
   681 | D:2      | Reached skill level 1 in Shields
  1491 | D:3      | Found a broken altar of Ashenzari.
  1499 | D:3      | Gained mutation: You regenerate a little health from kills.
                  | [demonic ancestry]
  1499 | D:3      | Reached XP level 4. HP: 34/34 MP: 4/4
  1583 | D:3      | Found a radiant altar of Vehumet.
  1644 | D:3      | Found a hide-covered altar of Uskayaw.
  2062 | D:4      | Noticed a black bear
  2115 | D:4      | Noticed a phantom
  2127 | D:4      | Killed a phantom
  2128 | D:4      | Gained mutation: You sometimes gain a little power by
                  | taking damage. [demonic ancestry]
  2128 | D:4      | Reached XP level 5. HP: 41/41 MP: 5/5
  2172 | D:4      | Noticed Natasha
  2175 | D:4      | Killed Natasha
  2176 | D:4      | Reached XP level 6. HP: 47/47 MP: 6/6
  2420 | D:4      | Noticed Natasha
  2426 | D:4      | Killed Natasha
  2462 | D:4      | Reached XP level 7. HP: 26/53 MP: 7/7
  2732 | D:4      | Noticed Natasha
  2737 | D:4      | Killed Natasha
  2795 | D:4      | Noticed Ijyb
  2805 | D:4      | Killed from afar by Ijyb

Illustrated notes

Levels and vault maps discovered:
D:1:      matt_arrival_spirals, layout_rooms, nicolae_ecumenical_lake_church
D:2:      layout_basic
D:3:      layout_rooms, evilmike_ruin_ashenzari, fiery_altar_vehumet,
          mainiacjoe_overflow_chevrons
D:4:      layout_gridville, uniq_natasha, uniq_ijyb

Skill      XL: |  1  2  3  4  5  6  7 |
---------------+----------------------+-----
Shapeshifting  | 3 4 |  4.4
Fighting       | 2 3 4 |  4.1
Shields        | 1 2 3 4 |  4.7
Dodging        | |  1.7
Unarmed Combat | |  2.6

Action                     |  1- 3 |  4- 6 |  7- 9 || total
---------------------------+-------+-------+-------++-------
  Melee: Mace              |    83 |       |       ||    83
         Headbutt          |     7 |    16 |     2 ||    25
         Hand axe          |    14 |    76 |    21 ||   111
 Armour: Animal skin       |    17 |       |       ||    17
         Ring mail         |    10 |       |       ||    10
         Scale mail        |    20 |       |       ||    20
         Chain mail        |       |    72 |    17 ||    89
  Dodge: Dodged            |    47 |    21 |     4 ||    72
  Block: Other             |    17 |       |       ||    17
         Buckler           |    57 |    72 |    19 ||   148
         Reflection        |       |     4 |       ||     4

Table legend: (Time is in decaauts)
 A = Elapsed time spent in this place.
 B = Non-inter-level travel time spent in this place.
 C = Inter-level travel time spent in this place.
 D = Time resting spent in this place.
 E = Time spent auto-exploring this place.
 F = Levels seen in this place.
 G = Mean time per level.
                   A        B        C        D        E       F      G
               +--------+--------+--------+--------+--------+-----+--------+
         Total |   2960 |   2740 |    220 |    116 |   1833 |   4 |  740.0 |
       Dungeon |   2960 |   2740 |    220 |    116 |   1833 |   4 |  740.0 |
               +--------+--------+--------+--------+--------+-----+--------+

Top non-repeatable levels by time:
     D:2: 896 daAuts
     D:4: 809 daAuts
     D:3: 732 daAuts
     D:1: 522 daAuts
